 Dungeon Crawl Stone Soup version 0.26-a0-478-g6c97825307 (webtiles) character file.

Game seed: 17913646006614608849

1194 Infinimo the Firebug (level 8, -7/57 HPs)
             Began as a Hill Orc Fire Elementalist on Aug 1, 2020.
             Mangled by an ogre
             ... wielding a +0 giant club
              (17 damage)
             ... on level 5 of the Dungeon.
             The game lasted 00:07:54 (7952 turns).

Infinimo the Firebug (Hill Orc Fire Elementalist)   Turns: 7952, Time: 00:07:54

Health: -7/57      AC:  5    Str: 11    XL:     8   Next: 43%
Magic:  8/13       EV: 12    Int: 17    God:
Gold:   284        SH:  0    Dex: 11    Spells: 9/14 levels left

rFire    . . .     SeeInvis .   s - +1 hand axe (drain)
rCold    . . .     Faith    .   (no shield)
rNeg     . . .     Spirit   .   a - +1 robe
rPois    .         Reflect  .   h - +1 helmet
rElec    .         Harm     .   (no cloak)
rCorr    .                      (no gloves)
MR       .....                  (no boots)
Stlth    ++........             (no amulet)
HPRegen  0.19/turn              (no ring)
MPRegen  0.13/turn              (no ring)

@: lethally poisoned (-7 -> -10)
A: no striking features
a: no special abilities


You were on level 5 of the Dungeon.
You visited 1 branch of the dungeon, and saw 5 of its levels.

You collected 284 gold pieces.

Inventory:

Hand Weapons
 s - a +1 hand axe of draining (weapon)
Armour
 a - a +1 robe (worn)
 h - a +1 helmet (worn)
Jewellery
 g - an uncursed ring of protection from cold {unknown}
 j - an uncursed ring of poison resistance {unknown}
Scrolls
 k - 2 scrolls of identify
 p - a scroll of fear
Potions
 b - 2 potions of mutation {unknown}
 c - 2 potions of curing
 d - 2 potions of degeneration
 e - a potion of lignification {unknown}
 f - a potion of ambrosia {unknown}
 i - a potion of stabbing {unknown}
 l - 2 potions of berserk rage {unknown}
 o - a potion of flight {unknown}
 r - a potion of brilliance {unknown}


   Skills:
 - Level 1.5 Dodging
 - Level 1.5 Stealth
 + Level 3.6 Spellcasting
 * Level 6.2 Conjurations
 * Level 7.5 Fire Magic


You had 9 spell levels left.
You knew the following spells:

 Your Spells              Type           Power        Failure   Level
a - Foxfire               Conj/Fire      ####         1%          1
b - Sticky Flame          Conj/Fire      ####....     10%         4

Your spell library contained the following spells:

 Spells                   Type           Power        Failure   Level
 Conjure Flame            Conj/Fire      ####....     3%          3
 Inner Flame              Hex/Fire       ###.....     11%         3
 Fireball                 Conj/Fire      ####......   26%         5


Dungeon Overview and Level Annotations

Branches:
Dungeon (5/15)             Temple (0/1) D:4

Altars:


Message History

Casting: Foxfire (safe; 1% risk of failure)
Confirm with . or Enter, or press ? or * to list all spells.
You conjure some foxfire!
You feel sick. The ogre hits you with a +0 giant club!
The foxfire hits the scorpion.
The scorpion is moderately wounded.
The foxfire hits the ogre.
The ogre is moderately wounded.
The scorpion stings you.
Casting: Foxfire (safe; 1% risk of failure)
Confirm with . or Enter, or press ? or * to list all spells.
You conjure some foxfire!
You feel sick. The ogre hits you with a +0 giant club!
* * * LOW HITPOINT WARNING * * *
The foxfire hits the scorpion.
The scorpion is severely wounded.
The foxfire hits the ogre.
The ogre is heavily wounded.
The ogre hits you with a +0 giant club!
You die...

# #.#.#####.# #.# # ##'#<......#
##.# # ##...######## #### ...# #
##.....##....# #...# ..#
###.......#.##### #..#..# ##.##
##..........####.#..# #..# ##...#
.'.............##..# .##..##.....
##..........####..##...##..#.../#
###.......#.# #@s...?..##.....##
##.....##... #.O##...##..#.###
##...#########..## ##..##.# ##'##
#.#..###..#.#.# #.#
##.#..#..#.##.# ##.######
#.#ยง#...#.#.#.#
#.......################.#
##...........# #.#
####.^...##)##### #.####


You could see an ogre and a scorpion.

Vanquished Creatures
  An orc warrior (D:5)
  4 phantoms
  2 ogres (D:4)
  A hound (D:5)
  An orc priest (D:3)
  A bullfrog skeleton (D:4)
  A centaur skeleton (D:5)
  Ijyb (D:4)
  Natasha (thrice) (D:3)
  2 orc wizards
  2 worker ants (D:4)
  A hound zombie (D:5)
  2 hound skeletons
  3 gnolls
  7 adders
  A shadow imp (D:5)
  An ufetubus (D:5)
  An adder skeleton (D:5)
  4 worms
  4 dart slugs
  A leopard gecko (D:4)
  22 orcs
  11 bats
  A giant cockroach (D:1)
  9 goblins
  6 hobgoblins
  3 jackals (D:5)
  6 kobolds
  4 quokkas
  8 frilled lizards
  A leopard gecko skeleton (D:4)
  4 rats
119 creatures vanquished.

Vanquished Creatures (others)
  706 foxfires
706 creatures vanquished.

Grand Total: 825 creatures vanquished

Notes
Turn   | Place    | Note
-------+----------+-------------------------------------------
     0 | D:1      | Infinimo the Hill Orc Fire Elementalist began the quest for
                  | the Orb.
     0 | D:1      | Reached XP level 1. HP: 14/14 MP: 3/3
   191 | D:1      | Reached XP level 2. HP: 20/20 MP: 1/4
   775 | D:1      | Reached XP level 3. HP: 26/26 MP: 2/5
  1649 | D:2      | Reached skill level 4 in Fire Magic
  1889 | D:2      | Reached XP level 4. HP: 24/33 MP: 1/7
  3293 | D:3      | Noticed Natasha
  3303 | D:3      | Killed Natasha
  3303 | D:3      | Reached XP level 5. HP: 38/38 MP: 4/8
  3874 | D:3      | Noticed Natasha
  3879 | D:3      | Killed Natasha
  3879 | D:3      | Reached skill level 5 in Fire Magic
  3896 | D:3      | Noticed Natasha
  3902 | D:3      | Killed Natasha
  3902 | D:3      | Reached XP level 6. HP: 45/45 MP: 1/9
  4634 | D:4      | Noticed a phantom
  5044 | D:4      | Killed a phantom
  5044 | D:4      | Reached XP level 7. HP: 15/50 MP: 2/11
  5320 | D:4      | Noticed Ijyb
  5454 | D:4      | Killed Ijyb
  5610 | D:4      | Learned a level 4 spell: Sticky Flame
  5633 | D:4      | Reached skill level 6 in Fire Magic
  5941 | D:4      | Reached skill level 5 in Conjurations
  6345 | D:4      | Found a staircase to the Ecumenical Temple.
  6529 | D:5      | Entered Level 5 of the Dungeon
  6589 | D:4      | Reached XP level 8. HP: 42/57 MP: 8/12
  6693 | D:5      | Reached skill level 7 in Fire Magic
  7952 | D:5      | Mangled by an ogre

Illustrated notes

Levels and vault maps discovered:
D:1:      ncdulo_wetmaze, layout_basic
D:2:      layout_rooms
D:3:      layout_basic, minmay_misc_feat_plants, uniq_natasha
D:4:      layout_rooms, minmay_temple_entry_nine_rooms,
          minmay_misc_feat_ornament, st_stairs_8, wad_rectangle_vault, uniq_ijyb
D:5:      minmay_diamond_boxcup, layout_loops_corners, doesnt_xom_only_xom

Skill      XL: |  1  2  3  4  5  6  7  8 |
---------------+-------------------------+-----
Conjurations   | 2 3 4 5 6 |  6.2
Fire Magic     | 4 5 6 7 |  7.5
Spellcasting   | 2 3 |  3.6
Dodging        | |  1.5
Stealth        | |  1.5

Action                   |  1- 3 |  4- 6 |  7- 9 || total
-------------------------+-------+-------+-------++-------
Melee: Unarmed           |     4 |       |     5 ||     9
       Hand axe          |       |     6 |       ||     6
 Cast: Foxfire           |    93 |   159 |   168 ||   420
       Sticky Flame      |       |       |     2 ||     2
  Use: Scroll            |       |    11 |     2 ||    13
       Potion            |       |       |     2 ||     2
Armor: Robe              |     2 |     9 |    29 ||    40
Dodge: Dodged            |    15 |    41 |    56 ||   112

Table legend: (Time is in decaauts)
 A = Elapsed time spent in this place.
 B = Non-inter-level travel time spent in this place.
 C = Inter-level travel time spent in this place.
 D = Time resting spent in this place.
 E = Time spent auto-exploring this place.
 F = Levels seen in this place.
 G = Mean time per level.
                   A        B        C        D        E       F      G
               +--------+--------+--------+--------+--------+-----+--------+
         Total |   7969 |   7824 |    145 |     51 |   6529 |   5 | 1593.8 |
       Dungeon |   7969 |   7824 |    145 |     51 |   6529 |   5 | 1593.8 |
               +--------+--------+--------+--------+--------+-----+--------+

Top non-repeatable levels by time:
     D:4: 2425 daAuts
     D:3: 1910 daAuts
     D:1: 1544 daAuts
     D:2: 1047 daAuts
     D:5: 1041 daAuts
